 Dungeon Crawl Stone Soup version 0.19.1 (webtiles) character file.

152 Nakatomy the Shooter (level 5, -1/46 HPs)
             Began as a Centaur Hunter on Dec 22, 2016.
             Slain by an ogre
             ... wielding a +0 giant spiked club
              (17 damage)
             ... on level 7 of the Dungeon.
             The game lasted 00:10:53 (2784 turns).

Nakatomy the Shooter (Centaur Hunter)               Turns: 2784, Time: 00:10:54

Health: -1/46      AC:  5    Str: 14    XL:     5   Next: 11%
Magic:  14/14      EV:  9    Int: 10    God:
Gold:   206        SH:  0    Dex: 11    Spells: 0 memorised, 4 levels left

rFire  . . .     SeeInvis .     a - +1 shortbow
rCold  . . .     Gourm    .     c - +0 leather armour
rNeg   . . .     Faith    .     (shield currently unavailable)
rPois  .         Spirit   .     (no helmet)
rElec  .         Reflect  .     z - +0 cloak
rCorr  .         Harm     .     (no gloves)
MR     .....                    (no barding)
Stlth  +.........               (no amulet)
                                s - ring of flight
                                l - ring of magical power

@: drained, very quick
A: hooves 3, deformed body, speed 2, tough skin 3
a: Evoke Flight


You were on level 7 of the Dungeon.
You were not hungry.

You visited 1 branch of the dungeon, and saw 5 of its levels.

You collected 206 gold pieces.

Inventory:

Hand Weapons
 a - a +1 shortbow (weapon)
 b - a +0 short sword
Missiles
 d - 69 arrows (quivered)
Armour
 c - a +0 leather armour (worn)
 z - a +0 cloak (worn)
Jewellery
 l - a ring of magical power (left hand)
 s - a ring of flight (right hand)
Scrolls
 g - 2 scrolls of blinking {unknown}
 h - 4 scrolls of remove curse {unknown}
 i - 5 scrolls of identify {unknown}
 m - a scroll of enchant weapon {unknown}
 p - 4 scrolls of teleportation {unknown}
 r - a scroll of amnesia {unknown}
 t - a scroll of noise {unknown}
 v - a scroll of enchant armour {unknown}
 w - a scroll of fear {unknown}
 y - a scroll of random uselessness {unknown}
 A - a scroll of fog {unknown}
Potions
 e - a potion of ambrosia {unknown}
 k - 2 potions of heal wounds {unknown}
 o - 3 potions of might {unknown}
 q - 3 potions of flight {unknown}
 u - a potion of berserk rage {unknown}
 x - a potion of curing {unknown}
Comestibles
 f - 5 bread rations
 j - a beef jerky
 n - 3 chunks of flesh


   Skills:
 + Level 4.1(3.8) Fighting
 + Level 7.0(6.7) Bows
 - Level 1.3(1.1) Dodging
 - Level 0.4(0.2) Stealth


You had 4 spell levels left.
You didn't know any spells.

Dungeon Overview and Level Annotations

Branches:
Dungeon (7/15)
 Temple: D:4-7

Altars:
Dithmenos


Innate Abilities, Weirdness & Mutations

You have hooves in place of feet.
Armour fits poorly on your strangely shaped body.
You cover ground very quickly.
You have extremely tough skin. (AC +3)


Message History

The ogre hits you with a giant spiked club!
You are too injured to fight recklessly!
You are too injured to fight recklessly!
Firing (i - inventory):
d - 72 arrows (quivered)
Press: ? - help, Shift-Dir - straight line, f/p - ogre
Aim: an ogre, wielding a giant spiked club (lightly wounded)
You shoot an arrow. The arrow hits the ogre!
The ogre is severely wounded.
The ogre closely misses you.
Firing (i - inventory):
d - 71 arrows (quivered)
Press: ? - help, Shift-Dir - straight line, f/p - ogre
Aim: an ogre, wielding a giant spiked club (severely wounded)
You shoot an arrow. The arrow barely misses the ogre.
Firing (i - inventory):
d - 70 arrows (quivered)
Press: ? - help, Shift-Dir - straight line, f/p - ogre
Aim: an ogre, wielding a giant spiked club (severely wounded)
You shoot an arrow. The arrow hits the ogre!
The ogre is almost dead.
The ogre hits you with a giant spiked club!
You die...

##### ##...##
#..o÷.# #.##.##
#.###z# ##.# #.##
#.z# ##@# ##
##o.##%O.# .#
##...##(§÷# #.#
#.z..##%%÷#
..######....######
...zz..#.....##
.####(.z......#
.####(##.......#
....(.##.......#


You could see an ogre, a wight and an orc.

Vanquished Creatures
  Jessica (D:2)
  2 worker ants (D:4)
  3 adders (D:2)
  A dart slug (D:1)
  3 leopard geckos
  An orc (D:4)
  4 goblins
  5 hobgoblins
  2 jackals (D:3)
  3 quokkas
  3 ball pythons
  8 bats
  3 frilled lizards (D:3)
  5 kobolds
  A leopard gecko skeleton (D:3)
  6 rats
51 creatures vanquished.

Notes
Turn   | Place    | Note
-------+----------+-------------------------------------------
     0 | D:1      | Nakatomy the Centaur Hunter began the quest for the Orb.
     0 | D:1      | Reached XP level 1. HP: 17/17 MP: 1/1
   477 | D:1      | Reached XP level 2. HP: 25/25 MP: 2/2
   865 | D:2      | Noticed Jessica
   885 | D:2      | Killed Jessica
   885 | D:2      | Reached skill level 6 in Bows
   885 | D:2      | Reached XP level 3. HP: 17/31 MP: 3/3
  1185 | D:2      | Reached XP level 4. HP: 38/38 MP: 4/4
  2678 | D:4      | Reached XP level 5. HP: 46/46 MP: 5/5
  2719 | D:4      | Reached skill level 7 in Bows
  2741 | D:4      | You fall through a shaft for 3 floors!
  2743 | D:7      | Found a shadowy altar of Dithmenos.
  2752 | D:7      | Noticed an orc warrior
  2780 | D:7      | Noticed an ogre
  2784 | D:7      | Slain by an ogre

Skill      XL: |  1  2  3  4  5 |
---------------+----------------+-----
Fighting       | 3 4 |  4.1
Bows           | 6 7 |  7.0
Dodging        | |  1.3
Stealth        | |  0.4

Action                   |  1- 3 |  4- 6 || total
-------------------------+-------+-------++-------
Melee: Short sword       |    51 |    62 ||   113
       Kick              |     7 |     5 ||    12
 Fire: Shortbow          |    51 |    64 ||   115
  Eat: Chunk             |       |     4 ||     4
Armor: Leather armour    |    20 |    40 ||    60
Dodge: Dodged            |    39 |    42 ||    81
